 Dungeon Crawl Stone Soup version 0.30-a0-358-g0d69a1922f (webtiles) character file.

Game seed: 10508305529432356494

14058 Virdalgir the Blocker (level 11, -5/104 HPs)
             Began as a Minotaur Fighter on Nov 10, 2022.
             Was a Believer of Okawaru.
             Slain by a two-headed ogre
             ... wielding a +0 giant spiked club
              (16 damage)
             ... on level 13 of the Dungeon.
             The game lasted 00:18:18 (13450 turns).

Virdalgir the Blocker (Minotaur Fighter)           Turns: 13450, Time: 00:18:19

Health: -5/104     AC: 12    Str: 26    XL:     11   Next: 83%
Magic:  10/10      EV:  8    Int:  5    God:    Okawaru [**....]
Gold:   608        SH:  6    Dex:  9    Spells: 10/10 levels left

rFire   . . .      SeeInvis +    u - +6 broad axe (venom)
rCold   + + .      Faith    .    c - +0 buckler
rNeg    . . .      Spirit   .    v - +1 chain mail {rC+}
rPois   .          Reflect  .    (helmet restricted)
rElec   .          Harm     .    d - +2 cloak
rCorr   .          Rampage  .    (no gloves)
Will    .....                    (no boots)
Stlth   ..........               F - amulet of regeneration
HPRegen 1.17/turn                C - ring of see invisible
MPRegen 0.12/turn                E - ring of protection from cold

@: invisible
A: horns 2, retaliatory headbutt, talons 1, deformed body, sense surroundings 1
a: Renounce Religion, Heroism


You were on level 13 of the Dungeon.
You worshipped Okawaru.
Okawaru was pleased with you.
You visited 2 branches of the dungeon, and saw 14 of its levels.

You collected 891 gold pieces.
You spent 283 gold pieces at shops.

Inventory:

Hand Weapons
 u - a +6 broad axe of venom (weapon)
Missiles
 r - a throwing net (quivered)
Armour
 c - a +0 buckler (worn)
 d - a +2 cloak (worn)
 v - a +1 chain mail of cold resistance (worn)
 x - a +1 plate armour of poison resistance
Jewellery
 z - an amulet of reflection
 C - a ring of see invisible (left hand)
 E - a ring of protection from cold (right hand)
 F - an amulet of regeneration (around neck)
Wands
 s - a wand of roots (13)
 w - a wand of mindburst (14)
 y - a wand of light (26)
 A - a wand of flame (17)
Scrolls
 a - a scroll of fear
 k - 3 scrolls of magic mapping
 n - 3 scrolls of amnesia
 o - 7 scrolls of teleportation
 p - 2 scrolls of blinking
 B - a scroll of immolation
 G - a scroll of enchant armour
 H - a scroll of identify
Potions
 b - 2 potions of resistance
 e - 4 potions of lignification
 f - 2 potions of invisibility
 g - 4 potions of brilliance
 h - 9 potions of curing
 i - 3 potions of attraction
 j - 2 potions of heal wounds
 l - 2 potions of ambrosia
 m - 2 potions of cancellation
 q - 3 potions of flight
 t - a potion of magic
 D - 2 potions of haste


   Skills:
 + Level 12.1 Fighting
 + Level 11.8 Axes
 + Level 12.1 Armour
 + Level 12.1 Shields


You had 10 spell levels left.
You didn't know any spells.
Your spell library contained the following spells:

 Spells                   Type           Power      Damage    Failure   Level
 Beastly Appendage        Tmut           0%         N/A       95%         1
 Sting                    Tmut/Pois      0%         1d3       95%         1
 Ensorcelled Hibernation  Hex/Ice        0%         N/A       99%         2
 Passwall                 Tmut/Erth      0%         N/A       99%         2
 Poisonous Vapours        Pois/Air       0%         N/A       99%         2
 Scorch                   Fire           0%         2d5       99%         2
 Sublimation of Blood     Necr           0%         N/A       99%         2
 Wereblood                Tmut           0%         N/A       99%         2
 Spider Form              Tmut/Pois      0%         N/A       100%        3
 Swiftness                Air            0%         N/A       100%        3
 Vampiric Draining        Necr           0%         2d6       100%        3
 Dispel Undead            Necr           0%         3d6       100%        4
 Flame Wave               Conj/Fire      0%         2d4       100%        4
 Olgreb's Toxic Radiance  Pois           0%         N/A       100%        4
 Petrify                  Tmut/Erth      0%         N/A       100%        4
 Alistair's Intoxication  Tmut/Pois      0%         N/A       100%        5
 Borgnjor's Vile Clutch   Necr/Erth      0%         N/A       100%        5
 Irradiate                Conj/Tmut      0%         3d11      100%        5
 Eringya's Noxious Bog    Tmut/Pois      0%         N/A       100%        6
 Summon Small Mammal      Summ           Unusable   N/A       N/A         1
 Summon Cactus Giant      Summ           Unusable   N/A       N/A         6
 Infestation              Necr           Unusable   N/A       N/A         8

Dungeon Overview and Level Annotations

Branches:
Dungeon (13/15)            Temple (1/1) D:6            Lair (0/5) D:11
    Orc (0/2) D:9
 Vaults: D:13-14

Altars:
Ashenzari
Cheibriados
Dithmenos
Elyvilon
Fedhas
Gozag
Hepliaklqana
Kikubaaqudgha
Makhleb
Nemelex Xobeh
Okawaru
Qazlal
Ru
Sif Muna
Trog
Uskayaw
Vehumet
Wu Jian
Xom
Yredelemnul
Zin
The Shining One

Shops:
D:2 ?**?[   D:4 [*?*   D:5 *


Innate Abilities, Weirdness & Mutations

You have a pair of horns on your head.
You reflexively headbutt those who attack you in melee.
You have sharp toenails.
Armour fits poorly on your strangely shaped body.
You passively map a small area around you.


Message History

Unknown command.
You barely miss the two-headed ogre. You claw the two-headed ogre.
The two-headed ogre is moderately wounded.
The two-headed ogre hits you with a +0 giant spiked club!!
You block the two-headed ogre's attack.
The kobold throws a stone.
The stone hits you but does no damage.
The kobold brigand throws a poisoned dart.
The poisoned dart closely misses you.
Unknown command.
You are too injured to fight recklessly!
Unknown command.
You are too injured to fight recklessly!
Unknown command.
You are too injured to fight recklessly!
Unknown command.
Unknown command.
You are too injured to fight recklessly!
Unknown command.
Unknown command.
You feel much better.
The kobold throws a stone.
The stone hits you but does no damage.
The two-headed ogre hits you with a +0 giant spiked club!!
The two-headed ogre barely misses you.
Unknown command.
You slash the two-headed ogre! You headbutt the two-headed ogre!
The two-headed ogre is severely wounded.
Unknown command.
You barely miss the two-headed ogre. Your kick misses the two-headed ogre.
The two-headed ogre is severely wounded.
You slash the kobold demonologist!
The kobold demonologist is poisoned.
The two-headed ogre hits you with a +0 giant spiked club!!
* * * LOW HITPOINT WARNING * * *
You block the two-headed ogre's attack.
Unknown command.
You fade into invisibility!
The kobold demonologist hits you but does no damage.
The two-headed ogre hits you with a +0 giant spiked club!
* * * LOW HITPOINT WARNING * * *
The two-headed ogre hits you with a +0 giant spiked club!
You die...

.......## ........# *
........# ........#
.....K..##* * .....KK..
.....KKO# *,,,, ^
....KKK@# ** *
....K...###############
.......................
.........###....#######,
.......#.# #.....<....#
#.....##.. ###......#...
###### ##...........# *
######........
#.........


You could see a two-headed ogre (unable to see you, poisoned), 3 kobold
demonologists, a kobold brigand (unable to see you) and 5 kobolds.

Vanquished Creatures
  A manticore (D:12)
  An ugly thing (D:11)
  2 cyclopes
  Joseph (D:10)
  A gargoyle (D:11)
  3 komodo dragons
  Maggie (D:6)
  2 kobold demonologists (D:10)
  2 unseen horrors (D:12)
  2 trolls
  Sigmund (D:2)
  A basilisk (D:12)
  4 wyverns
  Eustachio (D:6)
  2 vampire mosquitoes (D:12)
  16 yaks
  3 water moccasins
  9 orc warriors
  4 ice beasts
  2 black bears
  A sky beast (D:7)
  3 ogres
  9 centaurs
  4 kobold brigands
  A phantom (D:5)
  A gnoll sergeant (D:11)
  3 bullfrogs (D:7)
  2 necrophages
  Blork the orc (D:6)
  7 scorpions
  8 wights
  4 killer bees (D:8)
  4 howler monkeys
  A crimson imp (D:6)
  A hound (D:6)
  2 gnoll boudas
  10 orc priests
  3 iguanas
  17 orc wizards
  8 adders
  13 gnolls
  A shadow imp (D:7)
  2 white imps
  4 ufetubi
  3 worms
  2 dart slugs
  59 orcs
  10 ball pythons
  3 endoplasms
  5 giant cockroaches
  7 goblins
  4 hobgoblins
  5 jackals (D:3)
  11 kobolds
  2 quokkas
  4 bats
  A frilled lizard (D:3)
  2 goblin skeletons (D:6)
  A goblin zombie (D:6)
  2 hobgoblin zombies (D:6)
  A kobold skeleton (D:6)
  4 rats
295 creatures vanquished.

Notes
Turn   | Place    | Note
-------+----------+-------------------------------------------
     0 | D:1      | Virdalgir the Minotaur Fighter began the quest for the Orb.
     0 | D:1      | Reached XP level 1. HP: 19/19 MP: 0/0
   520 | D:1      | Found a faded altar of an unknown god.
   528 | D:1      | Got Plato's Guidebook on the Swarm
   931 | D:2      | Found Baty's Assorted Antiques.
   931 | D:2      | Found Cygamoag's Magic Scroll Shoppe.
   939 | D:2      | Bought a ruby potion for 27 gold pieces
   939 | D:2      | Bought a scroll labelled HIOPHEECUG for 30 gold pieces
   942 | D:2      | Reached XP level 2. HP: 17/27 MP: 1/1
   963 | D:2      | Bought a scroll of identify for 26 gold pieces
  1089 | D:2      | Reached XP level 3. HP: 31/33 MP: 2/2
  1141 | D:2      | Noticed Sigmund
  1150 | D:2      | Killed Sigmund
  1151 | D:2      | Reached XP level 4. HP: 41/41 MP: 3/3
  1151 | D:2      | Reached XP level 5. HP: 47/47 MP: 4/4
  1197 | D:2      | Found Amirhalu's Magic Scroll Boutique.
  1205 | D:2      | Bought a scroll of identify for 26 gold pieces
  1205 | D:2      | Bought a scroll of identify for 26 gold pieces
  1267 | D:2      | Found Xishiupn's General Store.
  1331 | D:2      | Found Doruodd's Armour Boutique.
  1997 | D:3      | Reached skill level 5 in Fighting
  1997 | D:3      | Reached skill level 5 in Armour
  1999 | D:3      | Reached skill level 5 in Shields
  2589 | D:3      | Reached XP level 6. HP: 56/56 MP: 5/5
  2795 | D:4      | Found Cesimulu's Antique Armour Shop.
  2944 | D:4      | Found Ytexzu's Magic Scroll Shop.
  2982 | D:4      | Bought a scroll of identify for 20 gold pieces
  2982 | D:4      | Bought a scroll of identify for 20 gold pieces
  2982 | D:4      | Bought a scroll of blinking for 75 gold pieces
  3232 | D:4      | Found Piamec's General Store.
  3235 | D:4      | Bought a scroll of teleportation for 33 gold pieces
  3261 | D:4      | Found Gami's General Store.
  3431 | D:4      | Reached skill level 5 in Axes
  3577 | D:4      | Reached XP level 7. HP: 33/62 MP: 6/6
  4356 | D:5      | Entered Level 5 of the Dungeon
  4487 | D:5      | Found Joafui's Lightly-Used Armoury.
  4622 | D:5      | Reached XP level 8. HP: 60/71 MP: 7/7
  5226 | D:5      | Identified the +0 robe of Brilliance {rElec rPois SInv}
  5576 | D:6      | Noticed Blork the orc
  5584 | D:6      | Killed Blork the orc
  5593 | D:6      | Identified a scroll of acquirement
  5593 | D:6      | Acquired a +3 broad axe of venom
  5860 | D:6      | Found a staircase to the Ecumenical Temple.
  5874 | Temple   | Entered the Ecumenical Temple
  6129 | D:6      | Noticed Eustachio
  6146 | D:6      | Killed Eustachio
  6147 | D:6      | Reached XP level 9. HP: 80/81 MP: 8/8
  6160 | D:6      | Found a glowing golden altar of the Shining One.
  6230 | D:6      | Found a shadowy altar of Dithmenos.
  6384 | D:6      | Noticed Maggie
  6393 | D:6      | Killed Maggie
  7708 | D:7      | Reached XP level 10. HP: 90/91 MP: 9/9
  7823 | D:7      | Got the Precepts of Mortification
  8508 | D:8      | Reached skill level 10 in Shields
  8530 | D:8      | Reached skill level 10 in Fighting
  8530 | D:8      | Reached skill level 10 in Armour
  9463 | D:9      | Found a staircase to the Orcish Mines.
  9501 | D:9      | You fall into a shaft and drop 1 floor!
  9501 | D:10     | Entered Level 10 of the Dungeon
  9780 | D:10     | Noticed Joseph
  9788 | D:10     | Killed Joseph
  9789 | D:10     | Reached skill level 10 in Axes
 10701 | D:9      | Reached XP level 11. HP: 58/101 MP: 10/10
 11797 | D:10     | Found an ancient bone altar of Kikubaaqudgha.
 11957 | D:10     | Found an iron altar of Okawaru.
 11962 | D:10     | Became a worshipper of Warmaster Okawaru
 12019 | D:11     | Noticed a purple ugly thing
 12029 | D:11     | Killed a purple ugly thing
 12254 | D:11     | Reached * piety under Okawaru
 12411 | D:11     | Found a staircase to the Lair.
 13224 | D:12     | Gained mutation: You passively map a small area around you.
                  | [potion of mutation]
 13224 | D:12     | Gained mutation: Armour fits poorly on your strangely
                  | shaped body. [potion of mutation]
 13224 | D:12     | Gained mutation: You have sharp toenails. [potion of
                  | mutation]
 13362 | D:12     | Reached ** piety under Okawaru
 13441 | D:13     | Noticed a two-headed ogre
 13450 | D:13     | Slain by a two-headed ogre

Illustrated notes

Levels and vault maps discovered:
D:1:      amcnicky_arrival_feature_with_door, layout_loops_corners,
          shapermc_ecumenical_altar_rom_forum, minmay_splitting_lines,
          amethyst_killhole
D:2:      layout_rooms, serial_shops, nicolae_shop_statue_plus,
          nicolae_shop_advertising_works [nicolae_subvault_shop_adworks], shop,
          nicolae_shop_stone, shop, uniq_sigmund
D:3:      layout_basic
D:4:      layout_basic, serial_shops, kennysheep_mini_moat,
          nicolae_inconvenience_store, nicolae_shop_stone, nicolae_square_shop,
          kennysheep_opposing_triangles
D:5:      minmay_chambers_of_fours, layout_cave_pods, fountainhead,
          minmay_shop_damaged
D:6:      layout_cave_pods, nicolae_tso_besieged_by_evil,
          nicolae_dithmenos_the_darkroom, minmay_temple_entry_overgrown,
          chequers_serial_rivers_micro_c, uniq_eustachio, uniq_blork_the_orc,
          uniq_maggie
D:7:      layout_basic
D:8:      layout_gridville, blue_anna_alchemist
D:9:      layout_loops_corners, david_orc_5
D:10:     layout_layer_cave, lemuel_round_altar, mainiacjoe_overflow_alcove_4,
          uniq_joseph
D:11:     layout_rooms, dpeg_oklobed_lair, st_stairs_13,
          minmay_unpleasant_kobolds
D:12:     layout_rooms
D:13:     layout_rooms, david_vaults_2, serial_bayou_ford_a, minivault_12
Temple:   regret_index_temple_chain_breaker

Skill      XL: |  1  2  3  4  5  6  7  8  9 10 11 |
---------------+----------------------------------+-----
Fighting       | 4 5 6 8 9 10 12 | 12.1
Shields        | 4 5 6 8 9 10 12 | 12.1
Armour         | 4 5 6 7 9 10 12 | 12.1
Axes           | 3 4 5 6 7 9 10 11 | 11.8

Action                   |  1- 3 |  4- 6 |  7- 9 | 10-12 || total
-------------------------+-------+-------+-------+-------++-------
Melee: War axe           |    33 |   119 |   102 |       ||   254
       Headbutt          |     6 |    18 |    38 |    43 ||   105
       Broad axe         |       |       |   159 |   241 ||   400
       Kick              |       |       |       |     2 ||     2
  Use: Scroll            |     7 |     9 |     6 |     7 ||    29
       Potion            |     1 |       |       |     3 ||     4
Armor: Scale mail        |    20 |    58 |    75 |       ||   153
       Chain mail        |       |       |    79 |   156 ||   235
Dodge: Dodged            |    13 |    68 |    98 |    95 ||   274
Block: Buckler           |     7 |    33 |    65 |   161 ||   266
       Reflection        |       |       |       |    19 ||    19

Table legend: (Time is in decaauts)
 A = Elapsed time spent in this place.
 B = Non-inter-level travel time spent in this place.
 C = Inter-level travel time spent in this place.
 D = Time resting spent in this place.
 E = Time spent auto-exploring this place.
 F = Levels seen in this place.
 G = Mean time per level.
                   A        B        C        D        E       F      G
               +--------+--------+--------+--------+--------+-----+--------+
         Total |  13593 |  13190 |    403 |     70 |  11190 |  14 |  970.9 |
       Dungeon |  13462 |  13066 |    396 |     70 |  11083 |  13 | 1035.5 |
        Temple |    130 |    123 |      7 |      0 |    107 |   1 |  130.0 |
               +--------+--------+--------+--------+--------+-----+--------+

Top non-repeatable levels by time:
     D:4: 1688 daAuts
    D:10: 1456 daAuts
     D:3: 1289 daAuts
     D:9: 1284 daAuts
     D:7: 1265 daAuts
     D:8: 1213 daAuts
     D:6: 1197 daAuts
     D:5: 1186 daAuts
     D:1: 934 daAuts
    D:12: 719 daAuts
    D:11: 703 daAuts
     D:2: 504 daAuts
  Temple: 130 daAuts
    D:13: 18 daAuts
